 Dungeon Crawl Stone Soup version 0.21.1-1-g345015f (webtiles) character file.

74 wojtek the Chopper (level 4, 0/39 HPs)
             Began as a Minotaur Fighter on July 26, 2018.
             Killed by static electricity
             ... invoked by an insubstantial wisp
              (3 damage)
             ... on level 1 of the Abyss.
             The game lasted 00:02:20 (1187 turns).

wojtek the Chopper (Minotaur Fighter)               Turns: 1187, Time: 00:02:21

Health: 0/39       AC:  6    Str: 22    XL:     4   Next: 10%
Magic:  3/3        EV:  7    Int:  5    God:
Gold:   82         SH:  9    Dex:  9    Spells: 3/3 levels left

rFire    . . .     SeeInvis .   a - +0 war axe
rCold    . . .     Gourm    .   c - +0 shield
rNeg     . . .     Faith    .   b - +0 scale mail
rPois    .         Spirit   .   (helmet restricted)
rElec    .         Reflect  .   (no cloak)
rCorr    .         Harm     .   (no gloves)
MR       .....                  (no boots)
Stlth    ..........             (no amulet)
HPRegen  0.13/turn              h - ring of flight
MPRegen  0.08/turn              (no ring)

@: no status effects
A: retaliatory headbutt, horns 2
a: Evoke Flight


You were on level 1 of the Abyss.
You were not hungry.

You visited 1 branch of the dungeon, and saw 3 of its levels.
You visited the Abyss 1 time.

You collected 82 gold pieces.

Inventory:

Hand Weapons
 a - a +0 war axe (weapon)
Armour
 b - a +0 scale mail (worn)
 c - a +0 shield (worn)
 m - a +0 plate armour
Jewellery
 h - a ring of flight (left hand)
 r - an uncursed ring of protection from cold {unknown}
Scrolls
 j - a scroll of remove curse {unknown}
 k - 6 scrolls of identify {unknown}
 o - a scroll of immolation {unknown}
 q - a scroll of fog {unknown}
Potions
 d - a potion of might
 e - a potion of haste {unknown}
 i - a potion of resistance {unknown}
 l - a potion of lignification {unknown}
 n - a potion of mutation {unknown}
 p - a potion of heal wounds {unknown}
Comestibles
 f - 5 rations
 g - 3 chunks of flesh


   Skills:
 - Level 3.6 Fighting
 + Level 5.3 Axes
 - Level 3.6 Armour
 - Level 3.6 Shields


You had 3 spell levels left.
You didn't know any spells.

Dungeon Overview and Level Annotations

Branches:
Dungeon (3/15)

Altars:
Makhleb
Xom
The Shining One


Innate Abilities, Weirdness & Mutations

You reflexively headbutt those who attack you in melee.
You have a pair of horns on your head.


Message History

You miss the insubstantial wisp.
You block the insubstantial wisp's attack.
The insubstantial wisp hits you but does no damage. x2
Your shield prevents you from hitting the insubstantial wisp.
The insubstantial wisp is moderately damaged.
You closely miss the insubstantial wisp. x2
You block the insubstantial wisp's attack.
The insubstantial wisp hits you.
* * * LOW HITPOINT WARNING * * *
The insubstantial wisp blinks!
The insubstantial wisp hits you.
* * * LOW HITPOINT WARNING * * *
The insubstantial wisp blinks!
The crimson imp picks up a beetle and eats it.
The crimson imp blinks!
You closely miss the insubstantial wisp.
The insubstantial wisp is moderately damaged.
Your shield prevents you from hitting the crimson imp.
The insubstantial wisp thrums sharply.
You are struck by lightning.
You die...

55.≈ ≈ ≈ ≈≈ .
>.5.. ≈ ≈≈≈ .
### ... ≈≈5 ##
.v# . .≈ . #
###..# ..≈5 .##
.##§5#.# ≈≈
≈5..5. ..#@v5.#
. . ## #
#.####5.# . ##.
..#.#5 .#5.5#
....... .###..#
.#.v# ..
.)#.)#.
.#.#5##..# . .
.#.. [##..# .##
# .
#.#..##......#.
# # ## ....##
..#.#.. . .
#....#... #.#.#


You could see 3 insubstantial wisps, 2 crimson imps and 2 white imps.

Vanquished Creatures
  2 adders (D:2)
  An ooze (D:2)
  A worm (D:2)
  2 dart slugs
  A leopard gecko (D:2)
  3 giant cockroaches
  5 hobgoblins
  2 jackals (D:2)
  2 quokkas (D:2)
  2 ball pythons (D:2)
  7 bats
  2 frilled lizards (D:2)
  5 goblins (D:1)
  5 kobolds
  5 rats
45 creatures vanquished.

Notes
Turn   | Place    | Note
-------+----------+-------------------------------------------
     0 | D:1      | wojtek the Minotaur Fighter began the quest for the Orb.
     0 | D:1      | Reached XP level 1. HP: 19/19 MP: 0/0
   122 | D:1      | Reached skill level 3 in Axes
   144 | D:1      | Reached XP level 2. HP: 21/26 MP: 1/1
   389 | D:1      | Reached skill level 4 in Axes
   674 | D:2      | Reached XP level 3. HP: 29/31 MP: 2/2
   804 | D:2      | Reached skill level 5 in Axes
   947 | D:2      | Found a glowing golden altar of the Shining One.
   950 | D:2      | Reached XP level 4. HP: 37/39 MP: 3/3
  1129 | D:3      | Found a shimmering altar of Xom.
  1130 | D:3      | Found a burning altar of Makhleb.
  1131 | D:3      | Cast into level 1 of the Abyss (crimson imp)
  1180 | Abyss:1  | Noticed an insubstantial wisp
  1180 | Abyss:1  | Noticed an insubstantial wisp
  1180 | Abyss:1  | Noticed an insubstantial wisp
  1180 | Abyss:1  | Noticed an insubstantial wisp
  1187 | Abyss:1  | Killed from afar by an insubstantial wisp

Skill      XL: |  1  2  3 |
---------------+----------+-----
Axes           | 3 4 5 |  5.3
Fighting       | |  3.6
Armour         | |  3.6
Shields        | |  3.6

Action                   |  1- 3 |  4- 6 || total
-------------------------+-------+-------++-------
Melee: War axe           |    75 |    18 ||    93
       Headbutt          |    15 |     2 ||    17
  Eat: Chunk             |       |     1 ||     1
Armor: Scale mail        |    37 |    10 ||    47
Dodge: Dodged            |    17 |     4 ||    21
Block: Shield            |    34 |     8 ||    42
